AoeStats
← thatguywaqar

Four Lakes

507061706Analyzed
1v1 RM · 14d ago on Sep 16, 2026· 34m 20s· 2 players
Game mode
Random Map
Map size
Tiny (2 player)
Population
200
Speed
Normal
Resources
Standard
Victory
Conquest
Starting age
Dark Age
Ending age
Imperial Age
RankedLock teamsTeams togetherTeam positionsShared explorationLock speedFull tech treeHidden civsTurbo modeCheats
Victory
Defeat
🇹🇼 Huns · Taiwan
753
+16
🇵🇰 Maya · Pakistan
761
-16
empirelin
11:24 Feudal Age
16:39 Castle Age
15:52 Bloodlines
15:54 Double-Bit Axe
18:40 Husbandry
22:30 Scale Barding Armor
30:35 Imperial Age
29:06 Forging
29:11 Elite Skirmisher
29:47 Town Watch
30:23 Horse Collar
30:10 Pikeman
30:51 Squires
31:36 Iron Casting
31:32 Town Watch
33:08 Fletching
33:19 Padded Archer Armor
35:10 Blast Furnace
thatguywaqar
12:13 Feudal Age
11:31 Loom
12:48 Double-Bit Axe
18:40 Castle Age
19:47 Horse Collar
21:22 Bow Saw
24:48 Wheelbarrow
25:39 Crossbowman
26:41 Thumb Ring
29:15 Padded Archer Armor
29:06 Fletching
30:00 Pikeman
30:41 Squires
30:55 Heavy Plow
Connection lost

Rejoining the realm…

Still unreachable

The connection could not be restored.

Session expired

The server has moved on; the page needs a fresh start.